 Dungeon Crawl Stone Soup version 0.22.0-13-g43fe8f2 (webtiles) character file.

288 nikopol the Magician (level 6, 0/32 HPs)
             Began as a Deep Elf Fire Elementalist on Aug 17, 2018.
             Slain by a fire bat (1 damage)
             ... on level 3 of the Dungeon.
             The game lasted 00:05:07 (2671 turns).

nikopol the Magician (Deep Elf Fire Elementalist)   Turns: 2671, Time: 00:05:07

Health: 0/32       AC:  2    Str:  5    XL:     6   Next: 9%
Magic:  13/15      EV: 13    Int: 22    God:
Gold:   166        SH:  0    Dex: 15    Spells: 14/15 levels left

rFire    . . .     SeeInvis .   (no weapon)
rCold    . . .     Gourm    .   (no shield)
rNeg     . . .     Faith    .   a - +0 robe
rPois    .         Spirit   .   (no helmet)
rElec    .         Reflect  .   (no cloak)
rCorr    .         Harm     .   (no gloves)
MR       .....                  (no boots)
Stlth    +++.......             (no amulet)
HPRegen  0.10/turn              (no ring)
MPRegen  0.14/turn              (no ring)

@: no status effects
A: no striking features
a: no special abilities


You were on level 3 of the Dungeon.
You were not hungry.

You visited 1 branch of the dungeon, and saw 3 of its levels.

You collected 166 gold pieces.

Inventory:

Armour
 a - a +0 robe (worn)
Jewellery
 g - an uncursed ring of resist corrosion {unknown}
Wands
 o - a wand of polymorph (10)
Scrolls
 d - 2 scrolls of teleportation {unknown}
 f - 3 scrolls of identify {unknown}
 k - a scroll of magic mapping {unknown}
 n - a scroll of blinking {unknown}
 s - a scroll of enchant weapon {unknown}
 t - a scroll of fear {unknown}
 u - a scroll of remove curse {unknown}
Potions
 b - 3 potions of cancellation {unknown}
 e - 2 potions of might {unknown}
 h - a potion of lignification {unknown}
 i - a potion of berserk rage {unknown}
 j - 2 potions of curing {unknown}
 l - a potion of brilliance {unknown}
 m - a potion of degeneration {unknown}
 p - a potion of haste {unknown}
 q - a potion of flight {unknown}
Comestibles
 c - 7 rations


   Skills:
 + Level 0.1 Fighting
 + Level 3.1 Dodging
 + Level 3.7 Stealth
 + Level 5.1 Spellcasting
 + Level 3.0 Conjurations
 + Level 5.0 Fire Magic


You had 14 spell levels left.
You knew the following spells:

 Your Spells              Type           Power        Failure   Level  Hunger
a - Flame Tongue          Conj/Fire      ###..        1%          1    None

Your spell library contained the following spells:

 Spells                   Type           Power        Failure   Level  Hunger
 Fireball                 Conj/Fire      ###.......   45%         5    #####..
 Conjure Flame            Conj/Fire      ###.....     5%          3    ##.....
 Throw Flame              Conj/Fire      ###...       2%          2    None
 Sticky Flame             Conj/Fire      ###.....     19%         4    ####...
 Inner Flame              Hex/Fire       ###.....     11%         3    ##.....


Dungeon Overview and Level Annotations

Branches:
Dungeon (3/15)

Altars:


Message History

The fire bat bites you.
* * * LOW HITPOINT WARNING * * *
You are engulfed in flames.
* * * LOW HITPOINT WARNING * * *
The fire bat misses you. The fire bat misses you.
The fire bat completely misses you. The fire bat barely misses you.
The fire bat misses you. The fire bat bites you.
* * * LOW HITPOINT WARNING * * *
You are engulfed in flames.
* * * LOW HITPOINT WARNING * * *
The fire bat barely misses you. The fire bat misses you.
You see here a leather armour.
The fire bat bites you but does no damage.
The fire bat barely misses you. The fire bat bites you.
* * * LOW HITPOINT WARNING * * *
You are engulfed in flames.
You die...

##.# .# ####...####.# ##.# #####
#........##.# #.## #.#.#
##.###.##.##.# #.# #.#.#
#..)....#.##.#### #.# #...#
#.......#.##.#.(. #.#####..###
#.###.....##.#.## #..........# #
...............
#####.##.#.#################.#.#.
#...#......[.b@.......(.##.#.#.
#...#..#.........#####.###.#.#.
#)..##>#.............#.....#...
#...+..#.........#.###..#######
#...##.#.........#......#
#...##.#.........######.#
#...##.#................#
#...##.............###..#
####..........#....#


You could see a fire bat.

Vanquished Creatures
  A vampire bat (D:3)
  2 orc priests (D:3)
  6 adders
  A gnoll (D:1)
  2 worms (D:2)
  A dart slug (D:1)
  A leopard gecko (D:3)
  4 orcs (D:3)
  A bat skeleton (D:3)
  3 giant cockroaches (D:2)
  6 hobgoblins
  4 jackals (D:1)
  3 kobolds
  A quokka (D:2)
  A ball python (D:1)
  14 bats
  A frilled lizard (D:2)
  3 goblins
  4 rats
59 creatures vanquished.

Notes
Turn   | Place    | Note
-------+----------+-------------------------------------------
     0 | D:1      | nikopol the Deep Elf Fire Elementalist began the quest for the Orb.
     0 | D:1      | Reached XP level 1. HP: 10/10 MP: 6/6
   224 | D:1      | Reached XP level 2. HP: 15/15 MP: 0/8
   790 | D:2      | Reached XP level 3. HP: 19/19 MP: 6/9
  1001 | D:2      | Found a faded altar of an unknown god.
  1035 | D:2      | Reached XP level 4. HP: 24/24 MP: 6/11
  1451 | D:3      | Reached XP level 5. HP: 12/28 MP: 3/13
  2546 | D:3      | Reached skill level 5 in Spellcasting
  2647 | D:3      | Reached skill level 5 in Fire Magic
  2647 | D:3      | Reached XP level 6. HP: 30/32 MP: 9/15
  2671 | D:3      | HP: 1/32 [fire bat (2)]
  2671 | D:3      | Slain by a fire bat

Skill      XL: |  1  2  3  4  5 |
---------------+----------------+-----
Fire Magic     | 4 5 |  5.0
Dodging        | 3 |  3.1
Spellcasting   | 4 5 |  5.1
Conjurations   | 2 3 |  3.0
Stealth        | 3 |  3.7
Fighting       | |  0.1

Action                   |  1- 3 |  4- 6 || total
-------------------------+-------+-------++-------
 Cast: Flame Tongue      |    50 |    70 ||   120
  Eat: Chunk             |       |     5 ||     5
Armor: Robe              |     6 |    15 ||    21
Dodge: Dodged            |    10 |    49 ||    59
